 Dungeon Crawl Stone Soup version 0.20-b1-12-g5827e59 (webtiles) character file.

389 shinino the Cleaver (level 6, -11/52 HPs)
             Began as a Minotaur Berserker on May 23, 2017.
             Was a Believer of Trog.
             Mangled by Duvessa
             ... wielding a +0 short sword
              (14 damage)
             ... on level 4 of the Dungeon.
             The game lasted 00:04:49 (3074 turns).

shinino the Cleaver (Minotaur Berserker)            Turns: 3074, Time: 00:04:50

Health: -11/52     AC:  9    Str: 21    XL:     6   Next: 49%
Magic:  5/5        EV:  8    Int:  4    God:    Trog [**....]
Gold:   165        SH:  0    Dex: 12    Spells: 5/5 levels left

rFire    . . .     SeeInvis .   a - +0 war axe
rCold    . . .     Gourm    .   (no shield)
rNeg     . . .     Faith    .   s - +0 chain mail
rPois    .         Spirit   .   (helmet restricted)
rElec    .         Reflect  .   (no cloak)
rCorr    .         Harm     .   (no gloves)
MR       ++...                  (no boots)
Stlth    ..........             (no amulet)
Regen    1.2/turn               (no ring)
MPRegen  0.1/turn               (no ring)

@: regenerating
A: retaliatory headbutt, horns 2
a: Berserk, Trog's Hand, Burn Spellbooks, Renounce Religion


You were on level 4 of the Dungeon.
You worshipped Trog.
Trog was pleased with you.
You were not hungry.

You visited 1 branch of the dungeon, and saw 4 of its levels.

You collected 165 gold pieces.

Inventory:

Hand Weapons
 a - a +0 war axe (weapon)
Armour
 s - a +0 chain mail (worn)
 u - a +0 pair of gloves
Wands
 p - a wand of confusion (33/48)
Scrolls
 b - a scroll of random uselessness {unknown}
 d - 2 scrolls of remove curse {unknown}
 e - a scroll of enchant weapon {unknown}
 h - a scroll of fear {unknown}
 j - a scroll of magic mapping {unknown}
 k - 4 scrolls of identify {unknown}
 l - 6 scrolls of teleportation {unknown}
 t - a scroll of enchant armour {unknown}
Potions
 g - a potion of brilliance {unknown}
 i - a potion of flight {unknown}
 m - a potion of curing {unknown}
 n - a potion of heal wounds {unknown}
 o - 2 potions of magic {unknown}
 q - 2 potions of degeneration {unknown}
 v - a potion of mutation {unknown}
Comestibles
 c - 5 bread rations
 f - 2 meat rations
 r - a royal jelly
 w - 8 chunks of flesh


   Skills:
 + Level 3.9 Fighting
 + Level 8.6 Axes
 + Level 2.8 Armour
 - Level 2.1 Dodging


You had 5 spell levels left.
You didn't know any spells.

Dungeon Overview and Level Annotations

Branches:
Dungeon (4/15)
 Temple: D:4-7

Altars:
Ashenzari
Vehumet
The Shining One

Annotations:
D:4 Duvessa


Innate Abilities, Weirdness & Mutations

You reflexively headbutt those who attack you in melee.
You have a pair of horns on your head.


Message History

Duvessa is heavily wounded.
Duvessa closely misses you. Duvessa hits you with a short sword!
You completely miss Duvessa.
Duvessa is heavily wounded.
Duvessa hits you with a short sword.
You slash Duvessa!
Duvessa is severely wounded.
Duvessa hits you with a short sword. Duvessa hits you with a short sword!
* * * LOW HITPOINT WARNING * * *
You barely miss Duvessa.
Duvessa is severely wounded.
Duvessa hits you with a short sword.
* * * LOW HITPOINT WARNING * * *
Duvessa hits you but does no damage.
Okay, then.
Okay, then.
Your skin crawls.
You feel resistant to hostile enchantments.
You feel somewhat more hungry. Duvessa hits you with a short sword!
You die...

#### ##### ...#....#
#e)....# ##@....#
#......#####
#...#......#
####.#.#......#
########.)).#.#......#
.........)....+>.....
########.####.#......
#.# #...# #.#####..#


You could see Duvessa (berserk).

Vanquished Creatures
  An ogre (D:4)
  Dowan (D:4)
  An orc priest (D:3)
  An orc wizard (D:3)
  Jessica (D:3)
  A worker ant (D:3)
  4 gnolls (D:4)
  2 adders
  An adder skeleton (D:4)
  4 worms
  2 dart slugs
  2 leopard geckos
  8 orcs (D:3)
  A ball python (D:1)
  2 giant cockroaches
  9 goblins
  5 hobgoblins
  2 jackals (D:2)
  2 quokkas
  6 bats
  3 frilled lizards
  4 kobolds
  7 rats
70 creatures vanquished.

Notes
Turn   | Place    | Note
-------+----------+-------------------------------------------
     0 | D:1      | shinino the Minotaur Berserker began the quest for the Orb.
     0 | D:1      | Reached XP level 1. HP: 19/19 MP: 0/0
   384 | D:1      | Reached skill level 4 in Axes
   432 | D:1      | Reached XP level 2. HP: 26/26 MP: 1/1
   897 | D:2      | Found a shattered altar of Ashenzari.
   947 | D:2      | Reached skill level 5 in Axes
  1339 | D:2      | Reached XP level 3. HP: 30/31 MP: 2/2
  2041 | D:3      | Reached ** piety under Trog
  2074 | D:3      | Reached XP level 4. HP: 29/39 MP: 3/3
  2075 | D:3      | Reached skill level 6 in Axes
  2365 | D:3      | Found a radiant altar of Vehumet.
  2387 | D:3      | Found a glowing golden altar of the Shining One.
  2538 | D:3      | Noticed Jessica
  2545 | D:3      | Killed Jessica
  2545 | D:3      | Reached skill level 7 in Axes
  2545 | D:3      | Reached XP level 5. HP: 45/45 MP: 4/4
  2714 | D:4      | Noticed an ogre
  2719 | D:4      | Killed an ogre
  2719 | D:4      | Reached skill level 8 in Axes
  2719 | D:4      | Reached XP level 6. HP: 38/51 MP: 5/5
  3061 | D:4      | Noticed Dowan
  3062 | D:4      | Noticed Duvessa
  3064 | D:4      | Killed Dowan
  3073 | D:4      | HP: 2/52 [Duvessa/short sword (6)]
  3074 | D:4      | Mangled by Duvessa

Skill      XL: |  1  2  3  4  5 |
---------------+----------------+-----
Axes           | 4 5 7 8 |  8.6
Fighting       | |  3.9
Armour         | |  2.8
Dodging        | |  2.1

Action                   |  1- 3 |  4- 6 || total
-------------------------+-------+-------++-------
Melee: Hand axe          |    87 |     5 ||    92
       Headbutt          |    15 |    14 ||    29
       War axe           |       |    75 ||    75
Invok: Trog's Hand       |     1 |     3 ||     4
 Stab: Sleeping          |     1 |       ||     1
  Eat: Chunk             |     3 |     5 ||     8
Armor: Animal skin       |    12 |       ||    12
       Ring mail         |    11 |     4 ||    15
       Chain mail        |       |    25 ||    25
Dodge: Dodged            |    47 |    26 ||    73
